 Dungeon Crawl Stone Soup version 0.21.1-1-g345015f (webtiles) character file.

51 Fang the Skirmisher (level 3, -1/24 HPs)
             Began as a Gargoyle Berserker on May 22, 2018.
             Was a Follower of Trog.
             Slain by an ogre
             ... wielding a +0 giant club
              (17 damage)
             ... on level 2 of the Dungeon.
             The game lasted 00:01:36 (2017 turns).

Fang the Skirmisher (Gargoyle Berserker)            Turns: 2017, Time: 00:01:37

Health: -1/24      AC:  5    Str: 21    XL:     3   Next: 81%
Magic:  3/3        EV: 12    Int:  7    God:    Trog [*.....]
Gold:   97         SH:  0    Dex:  9    Spells: 2/2 levels left

rFire    . . .     SeeInvis .   a - +0 hand axe
rCold    . . .     Gourm    .   (no shield)
rNeg     + . .     Faith    .   b - +0 animal skin
rPois    ∞         Spirit   .   (no helmet)
rElec    +         Reflect  .   (no cloak)
rCorr    .         Harm     .   (no gloves)
MR       .....                  (no boots)
Stlth    +.........             (no amulet)
HPRegen  0.08/turn              (no ring)
MPRegen  0.08/turn              (no ring)

@: no status effects
A: negative energy resistance 1, electricity resistance, unbreathing,
petrification resistance, rot immunity, AC +3
a: Berserk, Burn Spellbooks, Renounce Religion


You were on level 2 of the Dungeon.
You worshipped Trog.
Trog was aware of your devotion.
You were not hungry.

You visited 1 branch of the dungeon, and saw 2 of its levels.

You collected 97 gold pieces.

Inventory:

Hand Weapons
 a - a +0 hand axe (weapon)
Armour
 b - a +0 animal skin (worn)
Jewellery
 k - an uncursed ring of ice {unknown}
 l - an uncursed ring of poison resistance {unknown}
Scrolls
 d - 4 scrolls of remove curse {unknown}
 e - a scroll of identify {unknown}
 g - 2 scrolls of amnesia {unknown}
 i - a scroll of noise {unknown}
 j - 3 scrolls of teleportation {unknown}
Potions
 f - a potion of might {unknown}
 h - 2 potions of curing {unknown}
Comestibles
 c - 7 rations


   Skills:
 + Level 3.7 Fighting
 + Level 3.3 Axes
 + Level 3.0 Armour
 + Level 1.9 Dodging
 + Level 0.1 Stealth


You had 2 spell levels left.
You didn't know any spells.

Dungeon Overview and Level Annotations

Branches:
Dungeon (2/15)

Altars:
Elyvilon
Wu Jian
Zin
The Shining One


Innate Abilities, Weirdness & Mutations

You are resistant to torment.
Your stone body is resilient. (AC +3)
You are immune to poison.
You resist negative energy. (rN+)
You are resistant to electric shocks. (rElec)
You can survive without breathing.
You are immune to petrification.
You are immune to rotting.


Message History

Items here: ( )) † an uncursed dagger; an uncursed hunting sling; 10 stones; a goblin corpse
Found a stone staircase leading down.
No target in view!
c - 7 rations (gained 1)
You open the door.
There is an open door here.
You open the door.
There is an open door here.
Found 19 stones.
No target in view!
An ogre comes into view. It is wielding a giant club.
An ogre is nearby!
An ogre is nearby!
The ogre barely misses you.
You hit the ogre.
The ogre is lightly wounded.
The ogre hits you with a giant club!
Ouch! That really hurt!
You die...

...........'.'......#.##....# #
.....###...###......#.......#####
..... #...# ######.#............
..... #.........................
#..>......................
#...##.#####.........###.. ....#
#.........# #..
........######........# #..
......O@...#####.... #..
...........# #... #..
.#.........# #... ###
#........... . #..(........# .
.............#..... .
.............#..... .
...........#....... . .........
#....... .


You could see an ogre.

Vanquished Creatures
  2 adders (D:2)
  An ooze (D:1)
  A dart slug (D:2)
  4 bats
  3 giant cockroaches
  2 goblins (D:2)
  3 hobgoblins
  4 kobolds (D:1)
  2 frilled lizards
  4 rats
26 creatures vanquished.

Notes
Turn   | Place    | Note
-------+----------+-------------------------------------------
     0 | D:1      | Fang the Gargoyle Berserker began the quest for the Orb.
     0 | D:1      | Reached XP level 1. HP: 14/14 MP: 1/1
   233 | D:1      | Reached XP level 2. HP: 10/19 MP: 2/2
  1073 | D:2      | Reached XP level 3. HP: 2/24 MP: 3/3
  1451 | D:2      | Found a glowing golden altar of the Shining One.
  1451 | D:2      | Found a glowing silver altar of Zin.
  1451 | D:2      | Found a white marble altar of Elyvilon.
  1487 | D:2      | Found an ornate altar of the Wu Jian Council.
  2013 | D:2      | Noticed an ogre
  2017 | D:2      | Slain by an ogre

Skill      XL: |  1  2  3 |
---------------+----------+-----
Axes           | 3 |  3.3
Armour         | 3 |  3.0
Fighting       | |  3.7
Dodging        | |  1.9
Stealth        | |  0.1

Action                   || total
-------------------------++-------
Melee: Hand axe          ||    86
Invok: Burn Spellbooks   ||     1
  Eat: Chunk             ||     3
Armor: Animal skin       ||    40
Dodge: Dodged            ||    70
